 Dungeon Crawl Stone Soup version 0.30-a0-596-g0af90f9a20 (webtiles) character file.

Game seed: 10069558759308184305

652 drugrobin the Martial Artist (level 7, 0/61 HPs)
             Began as a Demigod Delver on Jan 6, 2023.
             Slain by a scorpion (2 damage)
             ... on level 3 of the Dungeon.
             The game lasted 00:05:10 (1136 turns).

drugrobin the Martial Artist (Demigod Delver)       Turns: 1136, Time: 00:05:10

Health: 0/61       AC:  5    Str: 17    XL:     7   Next: 7%
Magic:  9/9        EV: 12    Int: 12    God:
Gold:   72         SH:  0    Dex: 17    Spells: 6/6 levels left

rFire   . . .      SeeInvis .      - Unarmed
rCold   . . .      Faith    .    (no shield)
rNeg    . . .      Spirit   .    e - +0 troll leather armour {Pargi}
rPois   .          Reflect  .    (no helmet)
rElec   .          Harm     .    c - +0 cloak
rCorr   .          Rampage  .    (no gloves)
Will    .....                    (no boots)
Stlth   +++                      (no amulet)
HPRegen 1.10/turn                (no ring)
MPRegen 0.11/turn                (no ring)

@: no status effects
A: high MP 1, forlorn, divine attributes, fangs 1, clumsy 1, robust 1, evolution
1
a: no special abilities


You were on level 3 of the Dungeon.
You visited 1 branch of the dungeon, and saw 3 of its levels.
You also visited: Sewer.

You collected 72 gold pieces.

Inventory:

Hand Weapons
 b - a +0 sling
 d - the +0 short sword "Rotellu" {elec, rN+}
   (You found it on level 4 of the Dungeon)

   rN:        It protects you from negative energy.
Missiles
 j - 2 datura-tipped darts
Armour
 a - a +0 leather armour
 c - a +0 cloak (worn)
 e - a +0 troll leather armour (worn) {Pargi}
Magical Staves
 g - a staff of poison
Wands
 f - a wand of digging (3)
Scrolls
 h - 2 scrolls of fog


   Skills:
 - Level 2.6 Fighting
 - Level 1.7 Dodging
 - Level 4.5 Stealth
 + Level 12.9 Unarmed Combat


You had 6 spell levels left.
You didn't know any spells.
Your spell library was empty.

Dungeon Overview and Level Annotations

Branches:
Dungeon (5/15)              Sewer (visited)
 Temple: D:4-7

Annotations:
D:5 1 exclusion


Innate Abilities, Weirdness & Mutations

You have an increased reservoir of magic. (+10% MP)
You shall have no god before yourself.
Your divine heritage dramatically boosts your attributes as you level up.
You have very sharp teeth.
You are clumsy. (Dex -2)
You are robust. (+10% HP)
You have hidden genetic potential.


Message History

* * * LOW HITPOINT WARNING * * *
The scorpion stings you.
* * * LOW HITPOINT WARNING * * *
There is a stone staircase leading up here.
Unknown command.
Unknown command.
Unknown command.
Unknown command.
Unknown command.
Unknown command.
You feel sick.
You are no longer poisoned.
The kobold barely misses you.
The hobgoblin hits you but does no damage.
The scorpion barely misses you.
You climb upwards.
There is a stone staircase leading down here.
Unknown command.
Unknown command.
Okay, then.
Okay, then.
The air fills with toxic fumes!
As you read the scroll labelled JOSOPA BODOKOW, it crumbles to dust.
It was a scroll of poison.
The kobold hits you with a +0 whip.
* * * LOW HITPOINT WARNING * * *
The scorpion misses you.
Unknown command.
It was a potion of mutation.
You feel extremely strange.
You feel clumsy.
Your teeth lengthen and sharpen.
You feel robust.
You feel a hidden potential growing inside you.
The kobold hits you with a +0 whip.
* * * LOW HITPOINT WARNING * * *
The scorpion barely misses you.
Unknown command.
It was a potion of experience.
You feel more experienced!
Your Unarmed Combat skill gained 6 levels and is now at level 12!
You have reached level 7!
The scorpion stings you.
You die...

##############
§§§§§§K@sg§§§#
##########§§§§§
§§§ §


You could see a scorpion, a hobgoblin and a kobold.

Vanquished Creatures
  Pargi (Sewer)
  A necrophage (D:4)
  A scorpion (D:4)
  A hound (D:4)
  An orc priest (D:3)
  An iguana (D:4)
  2 adders
  An ufetubus (D:5)
  An orc (D:3)
  An endoplasm (D:4)
  2 giant cockroaches (D:4)
  2 hobgoblins
  3 jackals (Sewer)
  2 quokkas (D:4)
  A kobold (D:3)
21 creatures vanquished.

Notes
Turn   | Place    | Note
-------+----------+-------------------------------------------
     0 | D:5      | drugrobin the Demigod Delver began the quest for the Orb.
     0 | D:5      | Reached XP level 1. HP: 18/18 MP: 3/3
    22 | D:5      | Reached skill level 2 in Unarmed Combat
   184 | D:5      | Noticed a hound
   234 | D:5      | Reached XP level 2. HP: 19/25 MP: 4/4
   421 | D:4      | Identified the +0 short sword "Rotellu" {elec, rN+}
   465 | D:4      | Noticed a necrophage
   476 | D:4      | Killed a necrophage
   477 | D:4      | Reached skill level 4 in Unarmed Combat
   477 | D:4      | Reached XP level 3. HP: 21/30 MP: 5/5
   487 | D:4      | Noticed a scorpion
   505 | D:4      | Killed a scorpion
   506 | D:4      | Reached XP level 4. HP: 31/37 MP: 6/6
   543 | D:4      | Reached skill level 5 in Unarmed Combat
   543 | D:4      | Reached XP level 5. HP: 30/42 MP: 7/7
   677 | D:4      | Found a glowing drain.
   719 | Sewer    | Entered a sewer
   774 | Sewer    | Noticed Pargi
   805 | Sewer    | Killed Pargi
   806 | Sewer    | Reached skill level 6 in Unarmed Combat
  1064 | D:3      | Reached XP level 6. HP: 49/50 MP: 8/8
  1134 | D:3      | HP: 1/50 [kobold/+0 whip (4)]
  1135 | D:3      | Gained mutation: You are clumsy. (Dex -2) [potion of
                  | mutation]
  1135 | D:3      | Gained mutation: You have very sharp teeth. [potion of
                  | mutation]
  1135 | D:3      | Gained mutation: You are robust. (+10% HP) [potion of
                  | mutation]
  1135 | D:3      | Gained mutation: You have hidden genetic potential. [potion
                  | of mutation]
  1136 | D:3      | Reached skill level 12 in Unarmed Combat
  1136 | D:3      | Reached XP level 7. HP: 1/61 MP: 9/9
  1136 | D:3      | Slain by a scorpion

Illustrated notes

Levels and vault maps discovered:
D:3:      layout_loops_ring
D:4:      layout_basic, gammafunk_temple_overflow_claw, gup_sewer_entry_glass,
          uniq_robin
D:5:      layout_loops_ring, mainiacjoe_overflow_alcove_1

Skill      XL: |  1  2  3  4  5  6 |
---------------+-------------------+-----
Unarmed Combat | 2 4 5 6 12 | 12.9
Fighting       | |  2.6
Dodging        | |  1.7
Stealth        | |  4.5

Action                   |  1- 3 |  4- 6 |  7- 9 || total
-------------------------+-------+-------+-------++-------
Melee: Unarmed           |    28 |    11 |       ||    39
       Short sword       |     8 |    64 |       ||    72
       Punch             |     1 |     1 |       ||     2
 Fire: Sling             |       |    19 |       ||    19
  Use: Scroll            |     1 |     2 |       ||     3
       Potion            |       |     3 |       ||     3
 Stab: Sleeping          |       |     3 |       ||     3
Armor: Leather armour    |    12 |    20 |       ||    32
       Troll leather arm |       |    13 |       ||    13
Dodge: Dodged            |    22 |    67 |       ||    89

Table legend: (Time is in decaauts)
 A = Elapsed time spent in this place.
 B = Non-inter-level travel time spent in this place.
 C = Inter-level travel time spent in this place.
 D = Time resting spent in this place.
 E = Time spent auto-exploring this place.
 F = Levels seen in this place.
 G = Mean time per level.
                   A        B        C        D        E       F      G
               +--------+--------+--------+--------+--------+-----+--------+
         Total |   1136 |   1136 |      0 |    308 |    340 |   4 |  284.0 |
       Dungeon |    850 |    850 |      0 |    180 |    259 |   3 |  283.3 |
         Sewer |    286 |    286 |      0 |    128 |     81 |   1 |  286.0 |
               +--------+--------+--------+--------+--------+-----+--------+

Top non-repeatable levels by time:
     D:5: 417 daAuts
     D:4: 333 daAuts
   Sewer: 286 daAuts
     D:3: 99 daAuts
